 Dungeon Crawl Stone Soup version 0.17-a0-2055-gb4e23be (webtiles) character file.

472 SlimeFever the Bolt Thrower (level 7, -1/47 HPs)
             Began as a Human Wanderer on Oct 12, 2015.
             Slain by an orc (2 damage)
             ... on level 4 of the Dungeon.
             The game lasted 00:26:03 (3889 turns).

SlimeFever the Bolt Thrower (Human Wanderer)        Turns: 3889, Time: 00:26:03

Health: -1/47      AC:  8    Str: 12    XL:     7   Next: 31%
Magic:  8/8        EV: 12    Int: 18    God:
Gold:   199        SH:  4    Dex: 14    Spells: 0 memorised, 8 levels left

rFire  + . .     SeeInvis .     b - +0 rapier
rCold  . . .     Clarity  .     g - +3 leather armour
rNeg   . . .     SustAt   .     t - +0 buckler
rPois  .         Gourm    .     (no helmet)
rElec  .         Spirit   .     j - +0 cloak
rCorr  .         Warding  .     l - +0 pair of gloves
rMut   .         Stasis   .     (no boots)
MR     +....                    (no amulet)
Stlth  +.........               k - ring of protection from fire
                                i - ring of protection from magic

@: brilliant, somewhat resistant to hostile enchantments, very unstealthy
A: no striking features
a: no special abilities


You were on level 4 of the Dungeon.
You were not hungry.

You visited 1 branch of the dungeon, and saw 4 of its levels.

You collected 199 gold pieces.

Inventory:

Hand Weapons
 a - a +2 hand crossbow
 b - a +0 rapier (weapon)
Missiles
 h - 18 bolts
Armour
 g - a +3 leather armour (worn)
 j - a +0 cloak (worn)
 l - a +0 pair of gloves (worn)
 t - a +0 buckler (worn)
Jewellery
 i - a ring of protection from magic (left hand)
 k - a ring of protection from fire (right hand)
Scrolls
 q - a scroll of recharging
Potions
 c - a potion of cancellation {unknown}
 f - a potion of flight {unknown}
 m - a potion of magic {unknown}
 n - a potion of resistance {unknown}
 o - a potion of curing {unknown}
 s - a potion of heal wounds {unknown}
Comestibles
 e - 2 bread rations
 p - a beef jerky


   Skills:
 + Level 0.6 Fighting
 + Level 1.7 Short Blades
 * Level 5.0 Crossbows
 + Level 4.1 Armour
 + Level 3.0 Dodging
 + Level 0.9 Stealth
 + Level 2.6 Shields
 + Level 1.0 Spellcasting
   Level 1.0 Summonings
   Level 1.0 Poison Magic


You had 8 spell levels left.
You didn't know any spells.

Dungeon Overview and Level Annotations

Branches:
Dungeon (4/15)
 Temple: D:4-7

Altars:
Elyvilon
Sif Muna
Trog


Message History

The hound bites you.
* * * LOW HITPOINT WARNING * * *
The hound misses you.
You barely miss the hound.
The hound is almost dead.
The hound barely misses you.
You barely miss the hound.
The hound is almost dead.
The hound barely misses you. x2
You closely miss the hound.
The hound is almost dead.
The hound closely misses you. The hound bites you but does no damage.
You hit the hound.
You kill the hound!
Your Dodging skill increases to level 3!
The orc misses you.
It was a potion of brilliance.
You feel clever all of a sudden. The orc hits you.
You die...

##.>.....## #.... #####..##
##.##. #..# ##...## #..#
##.....# #..# ###.......
....### #....._...
##......#### #.#.......
#...#....o#### #.##.....#
#..#....oo@.######.###...##
#.......###.......?# ##.##.
#........# ####....####...#
#........# ####.......##
#........## ####..###
..........# ##.####
.......>..# #.....
..........# ##.....
..........# ##......


You could see 3 orcs.

Vanquished Creatures
  Menkaure (D:4)
  An ogre (D:4)
  A crimson imp (D:3)
  A hound (D:4)
  2 orc wizards
  2 worker ants (D:4)
  2 adders (D:3)
  2 oozes
  A worm (D:2)
  2 giant geckos
  11 orcs
  8 bats
  2 giant cockroaches (D:2)
  6 goblins
  6 hobgoblins
  4 jackals (D:3)
  3 quokkas
  6 giant newts
  4 kobolds
  3 rats
68 creatures vanquished.

Notes
Turn   | Place    | Note
--------------------------------------------------------------
     0 | D:1      | SlimeFever the Human Wanderer began the quest for the Orb.
     0 | D:1      | SlimeFever set off with: a +2 hand crossbow, 28 bolts, a +0 ring mail, a scroll of teleportation, a bread ration
     0 | D:1      | Reached XP level 1. HP: 13/13 MP: 2/2
   267 | D:1      | Reached XP level 2. HP: 16/19 MP: 3/3
   865 | D:1      | Reached XP level 3. HP: 24/24 MP: 4/4
  1072 | D:2      | Found a white marble altar of Elyvilon.
  1102 | D:2      | Found a bloodstained altar of Trog.
  1685 | D:3      | Reached XP level 4. HP: 15/30 MP: 5/5
  2092 | D:3      | Reached XP level 5. HP: 35/35 MP: 6/6
  2227 | D:3      | Found a faded altar to an unknown god.
  2483 | D:3      | Reached skill level 1 in Dodging
  2693 | D:4      | Noticed an ogre
  2709 | D:4      | Killed an ogre
  2709 | D:4      | Reached skill level 1 in Short Blades
  2709 | D:4      | Reached skill level 4 in Crossbows
  2709 | D:4      | Reached XP level 6. HP: 22/42 MP: 7/7
  2874 | D:4      | Noticed Menkaure
  3460 | D:4      | Noticed an orc warrior
  3493 | D:4      | HP: 1/42 [orc warrior/enchanted battleaxe (12)]
  3531 | D:4      | Found a deep blue altar of Sif Muna.
  3857 | D:4      | Killed Menkaure
  3857 | D:4      | Reached skill level 5 in Crossbows
  3857 | D:4      | Reached XP level 7. HP: 24/47 MP: 8/8
  3884 | D:4      | HP: 1/47 [hound (5)]
  3889 | D:4      | Slain by an orc

Vault maps used:
D:1:      co_arrival_random_square_maze, minmay_misc_feat_rows
D:2:      overflow_temple_1_default, bloody_trog
D:3:      ecumenical_altar_1, minmay_misc_feat_room
D:4:      lemuel_round_altar, uniq_menkaure

Action                   |  1- 3 |  4- 6 |  7- 9 || total
-------------------------+-------+-------+-------++-------
Melee: Rapier            |    29 |   132 |    20 ||   181
       Whip              |    16 |       |       ||    16
 Fire: Hand crossbow     |    43 |    54 |       ||    97
  Use: Scroll            |     6 |     5 |     1 ||    12
       Potion            |       |       |     1 ||     1
  Eat: Meat ration       |     1 |       |       ||     1
       Bread ration      |       |     1 |       ||     1
